 Dungeon Sprint DCSS version 0.26-a0-1002-g7355149c4d (webtiles) character file.

Game seed: 3343913361118556640

2340 sahdkjhfkaj the Convoker (level 9, -1/78 HPs)
             Began as a Barachi Summoner on Dec 7, 2020.
             Was a High Priest of Sif Muna.
             Slain by a polar bear (27 damage)
             ... in the Dungeon (Sprint VII: "The Pits").
             The game lasted 00:10:52 (2121 turns).

sahdkjhfkaj the Convoker (Barachi Summoner)         Turns: 2121, Time: 00:10:53

Health: -1/78      AC: 15    Str: 12    XL:     9   Next: 43%
Magic:  2/23       EV: 17    Int: 19    God:    Sif Muna [*****.]
Gold:   0          SH:  0    Dex: 13    Spells: 14/28 levels left

rFire    . . .     SeeInvis .   a - +2 scimitar (protect)
rCold    . . .     Faith    .   (no shield)
rNeg     . . .     Spirit   .   d - +0 robe
rPois    .         Reflect  .   (no helmet)
rElec    .         Harm     .   m - +0 cloak
rCorr    .         Rampage  .   o - +0 pair of gloves
Will     .....     NoTele   +   p - +0 pair of boots
Stlth    ++........             (no amulet)
HPRegen  0.23/turn              h - +3 ring of strength
MPRegen  0.18/turn              l - +3 ring of protection

@: protection aura, slow
A: +LOS, swims, slowness 1, strong legs 1
a: Hop, Channel Magic, Forget Spell, Divine Exegesis, Renounce Religion


You were in the Dungeon.
You worshipped Sif Muna.
Sif Muna was extremely pleased with you.
You visited 1 branch

Inventory:

Hand Weapons
 a - a +2 scimitar of protection (weapon)
Armour
 d - a +0 robe (worn)
 m - a +0 cloak (worn)
 o - a +0 pair of gloves (worn)
 p - a +0 pair of boots (worn)
Jewellery
 h - a +3 ring of strength (left hand)
 l - a +3 ring of protection (right hand)
Scrolls
 i - 3 scrolls of remove curse {!r}
 j - 5 scrolls of amnesia {!r}
Potions
 b - 2 potions of invisibility {!q}
 c - 5 potions of curing {!q}
 e - a potion of haste {!q}
 f - 2 potions of magic {!q}
 g - 3 potions of berserk rage {!q}
 k - 2 potions of might {!q}
 n - a potion of mutation {!q}
 q - a potion of heal wounds {!q}


   Skills:
 - Level 10.0 Fighting
 + Level 9.0 Dodging
 - Level 1.7 Stealth
 - Level 10.0 Spellcasting
 * Level 17.1 Summonings


You had 14 spell levels left.
You knew the following spells:

 Your Spells              Type           Power        Failure   Level
a - Summon Small Mammal   Summ           ####         0%          1
b - Call Imp              Summ           ######..     0%          2
c - Call Canine Familiar  Summ           ######..     1%          3
d - Summon Ice Beast      Ice/Summ       #####...     2%          4
e - Summon Lightning Spi  Summ/Air       #####...     2%          4

Your spell library contained the following spells:

 Spells                   Type           Power        Failure   Level
 Summon Guardian Golem    Hex/Summ       #####...     1%          3
 Summon Demon             Summ           ######....   1%          5
 Summon Forest            Summ/Tloc      #####.....   6%          5
 Sublimation of Blood     Necr           #.........   11%         2
 Summon Horrible Things   Summ           ######....   41%         8
 Iskenderun's Mystic Bla  Conj/Tloc      #.......     58%         4
 Passage of Golubria      Tloc           N/A          58%         4
 Haunt                    Necr/Summ      #####.....   88%         7
 Death Channel            Necr           #.........   100%        6
 Iron Shot                Conj/Erth      #.........   100%        6
 Simulacrum               Ice/Necr       #.........   100%        6
 Starburst                Conj/Fire      #.........   100%        6


Dungeon Overview and Level Annotations

Branches:
Dungeon (1/1)

Altars:
Ashenzari
Cheibriados
Dithmenos
Elyvilon
Fedhas
Gozag
Hepliaklqana
Kikubaaqudgha
Makhleb
Nemelex Xobeh
Okawaru
Qazlal
Ru
Sif Muna
Trog
Uskayaw
Vehumet
Wu Jian
Xom
Yredelemnul
Zin
The Shining One
Beogh
Jiyva
Lugonu


Innate Abilities, Weirdness & Mutations

You can be seen from farther away. (+LOS)
You can swim through water.
You cover ground slowly.
You can hop short distances.


Message History

The polar bear barely misses you.
You hit the polar bear but do no damage.
The polar bear is almost dead.
The polar bear closely misses you. The polar bear barely misses you. x2
The polar bear bites you.
* * * LOW HITPOINT WARNING * * *
The polar bear barely misses you.
The polar bear claws you but does no damage.
Press: ? - help, v - describe, . - travel, g - get item
Here: a polar bear (almost dead, berserk)
Items here: a +0 short sword; a +0 ring mail.
The floor, spattered with blood.
Really quaff
q - 2 potions of heal wounds {!q}?
You feel much better. The polar bear bites you.
* * * LOW HITPOINT WARNING * * *
The polar bear claws you.
* * * LOW HITPOINT WARNING * * *
The polar bear claws you but does no damage.
The polar bear bites you!!
You die...

#.).hmE.....'.....
#)#####'#####.).÷.
#.#..#☼.#..##.§...
#.#..'○.'÷.#####'#
#)##)####'###.....
#E#........##.....
#.#........##.....
#h#####'#####...<.
#@#..[)))..##.....
#8#..[)))..##.....
#'###########.....
#..#.#.##..#######
#.......#.########
##.#.#.##.#....#..
#.......#'#....#..
##.#.#.##.'....'..
#.......#)#....#..


You could see a polar bear (berserk), an earth elemental and a friendly
lightning spire (summoned).

Vanquished Creatures
  A flying skull (D)
  A wolf (D)
  A bullfrog (D)
  An adder (D)
  A river rat (D)
  An adder skeleton (D)
  An adder zombie (D)
  A leopard gecko (D)
  A goblin (D)
  A jackal (D)
  2 frilled lizards (D)
12 creatures vanquished.

Vanquished Creatures (collateral kills)
  A merfolk aquamancer (D)
  A deep elf knight (D)
  A swamp dragon (D)
  A phantasmal warrior (D)
  An ice devil (D)
  A merfolk (D)
  5 blink frogs (D)
  Duvessa (D)
  A black bear (D)
  A phantom (D)
  A bullfrog (D)
  A gnoll sergeant (D)
  Dowan (D)
  Crazy Yiuf (D)
  A worker ant (D)
  A mummy (D)
  A gnoll (D)
  A river rat (D)
  2 leopard geckos (D)
  A giant cockroach (D)
25 creatures vanquished.

Grand Total: 37 creatures vanquished

Notes
Turn   | Place    | Note
-------+----------+-------------------------------------------
     0 | D        | sahdkjhfkaj the Barachi Summoner began the quest for the
                  | Orb.
     0 | D        | Reached XP level 1. HP: 13/13 MP: 3/3
    21 | D        | Reached skill level 5 in Summonings
    21 | D        | Reached XP level 2. HP: 22/22 MP: 0/5
   111 | D        | Learned a level 2 spell: Call Imp
   115 | D        | Found a bloodstained altar of Trog.
   115 | D        | Found a shimmering blue altar of Sif Muna.
   115 | D        | Found a viscous altar of Jiyva.
   115 | D        | Found a hazy altar of Hepliaklqana.
   115 | D        | Found an opulent altar of Gozag.
   116 | D        | Found a glowing golden altar of the Shining One.
   116 | D        | Found a glowing silver altar of Zin.
   116 | D        | Found a basalt altar of Yredelemnul.
   116 | D        | Found a shimmering altar of Xom.
   116 | D        | Found an ornate altar of the Wu Jian Council.
   116 | D        | Found a radiant altar of Vehumet.
   116 | D        | Found a sacrificial altar of Ru.
   116 | D        | Found a stormy altar of Qazlal.
   116 | D        | Found an iron altar of Okawaru.
   116 | D        | Found a sparkling altar of Nemelex Xobeh.
   116 | D        | Found a burning altar of Makhleb.
   116 | D        | Found a corrupted altar of Lugonu.
   116 | D        | Found a blossoming altar of Fedhas.
   116 | D        | Found a white marble altar of Elyvilon.
   116 | D        | Found a shadowy altar of Dithmenos.
   116 | D        | Found a snail-covered altar of Cheibriados.
   116 | D        | Found a roughly hewn altar of Beogh.
   117 | D        | Found a hide-covered altar of Uskayaw.
   117 | D        | Found an ancient bone altar of Kikubaaqudgha.
   117 | D        | Found a broken altar of Ashenzari.
   121 | D        | Became a worshipper of Sif Muna the Loreminder
   167 | D        | Reached skill level 6 in Summonings
   226 | D        | Reached * piety under Sif Muna
   256 | D        | Reached skill level 7 in Summonings
   256 | D        | Reached XP level 3. HP: 29/29 MP: 1/8
   319 | D        | Reached ** piety under Sif Muna
   450 | D        | Learned a level 3 spell: Call Canine Familiar
   488 | D        | Noticed Duvessa
   488 | D        | Noticed a bullfrog
   488 | D        | Noticed a flying skull
   500 | D        | Noticed Dowan
   501 | D        | Killed Duvessa
   501 | D        | Reached *** piety under Sif Muna
   502 | D        | Reached skill level 8 in Summonings
   502 | D        | Reached XP level 4. HP: 38/38 MP: 5/10
   513 | D        | Noticed a wolf
   528 | D        | Killed a flying skull
   529 | D        | Reached skill level 10 in Summonings
   529 | D        | Reached XP level 5. HP: 22/47 MP: 2/13
   531 | D        | Reached skill level 11 in Summonings
   531 | D        | Reached XP level 6. HP: 17/55 MP: 2/15
   534 | D        | Reached **** piety under Sif Muna
   535 | D        | Reached skill level 12 in Summonings
   983 | D        | Killed Dowan
  1038 | D        | Learned a level 4 spell: Summon Lightning Spire
  1043 | D        | Learned a level 4 spell: Summon Ice Beast
  1078 | D        | Noticed a phantom
  1086 | D        | Reached ***** piety under Sif Muna
  1091 | D        | Identified Sif Muna's Collected Works on Conjuration and
                  | the Compass (Sif Muna gifted it to you in the Dungeon)
  1091 | D        | Received a gift from Sif Muna
  1092 | D        | Reached XP level 7. HP: 54/63 MP: 13/17
  1173 | D        | Noticed an ice devil
  1245 | D        | Killed an ice devil
  1246 | D        | Reached skill level 13 in Summonings
  1398 | D        | Noticed a phantasmal warrior
  1414 | D        | Killed a phantasmal warrior
  1415 | D        | Reached skill level 5 in Dodging
  1415 | D        | Reached skill level 14 in Summonings
  1415 | D        | Reached XP level 8. HP: 61/72 MP: 9/20
  1565 | D        | Noticed Crazy Yiuf
  1565 | D        | Noticed a blink frog
  1565 | D        | Noticed a blink frog
  1566 | D        | Noticed a blink frog
  1567 | D        | Noticed a blink frog
  1567 | D        | Noticed a blink frog
  1571 | D        | Killed Crazy Yiuf
  1573 | D        | Killed a blink frog
  1573 | D        | Identified Ciloemn's Handbook of Supportive Translocation
                  | (Sif Muna gifted it to you in the Dungeon)
  1573 | D        | Received a gift from Sif Muna
  1574 | D        | Reached skill level 10 in Fighting
  1755 | D        | Killed a blink frog
  1758 | D        | Killed a blink frog
  1763 | D        | Killed a blink frog
  1777 | D        | Killed a blink frog
  1778 | D        | Reached skill level 15 in Summonings
  2039 | D        | Noticed a polar bear
  2039 | D        | Noticed a swamp dragon
  2039 | D        | Noticed a merfolk aquamancer
  2039 | D        | Noticed a water elemental
  2039 | D        | Noticed a water elemental
  2039 | D        | Noticed a merfolk
  2039 | D        | Noticed a merfolk
  2039 | D        | Noticed a deep elf knight
  2061 | D        | Killed a deep elf knight
  2062 | D        | Reached XP level 9. HP: 76/78 MP: 6/22
  2088 | D        | HP: 1/78 [swamp dragon (4)]
  2093 | D        | Killed a swamp dragon
  2094 | D        | Reached skill level 10 in Spellcasting
  2094 | D        | Reached skill level 16 in Summonings
  2102 | D        | Killed a merfolk aquamancer
  2104 | D        | Killed a merfolk
  2104 | D        | Identified Sif Muna's Compendium of Twisted Illusion (Sif
                  | Muna gifted it to you in the Dungeon)
  2104 | D        | Received a gift from Sif Muna
  2105 | D        | Reached skill level 17 in Summonings
  2121 | D        | Slain by a polar bear

Illustrated notes

Levels and vault maps discovered:
D:        pitsprint [storerooms_1, entrance_room_1, metal_vault_3, armoury_1,
          mini_pit_1, grid_room_1, main_hall_1, silver_pit, the_coven_3,
          the_vestibule_1, steel_vault_2, golden_pit, hallway_of_sentries,
          crystal_vault_5, iron_vault_2, final_vault]

Skill      XL: |  1  2  3  4  5  6  7  8  9 |
---------------+----------------------------+-----
Fighting       | 2 3 4 6 7 8 9 10 | 10.0
Summonings     | 5 7 8 10 11 12 14 15 17 | 17.1
Spellcasting   | 3 4 6 7 8 9 10 | 10.0
Dodging        | 3 5 7 9 |  9.0
Stealth        | |  1.7

Action                   |  1- 3 |  4- 6 |  7- 9 || total
-------------------------+-------+-------+-------++-------
Melee: Unarmed           |     5 |       |       ||     5
       Falchion          |    13 |       |       ||    13
       Long sword        |       |    13 |     5 ||    18
       Scimitar          |       |       |    11 ||    11
 Cast: Summon Small Mamm |     4 |       |       ||     4
       Call Imp          |     9 |     2 |       ||    11
       Call Canine Famil |     1 |     9 |       ||    10
       Summon Lightning  |       |     2 |    19 ||    21
       Summon Ice Beast  |       |       |    13 ||    13
 Abil: Hop               |     1 |       |     4 ||     5
  Use: Potion            |     1 |     1 |    13 ||    15
       Scroll            |     1 |       |     1 ||     2
 Stab: Sleeping          |       |     1 |       ||     1
Armor: Robe              |     4 |     2 |    17 ||    23
Dodge: Dodged            |    21 |    12 |    44 ||    77
       Rpst.: Falchion   |     4 |       |       ||     4
       Long sword        |       |     1 |       ||     1
       Scimitar          |       |       |     2 ||     2

Table legend: (Time is in decaauts)
 A = Elapsed time spent in this place.
 B = Non-inter-level travel time spent in this place.
 C = Inter-level travel time spent in this place.
 D = Time resting spent in this place.
 E = Time spent auto-exploring this place.
 F = Levels seen in this place.
 G = Mean time per level.
                   A        B        C        D        E       F      G
               +--------+--------+--------+--------+--------+-----+--------+
         Total |   2231 |   2125 |    106 |   1370 |      0 |   1 | 2231.0 |
       Dungeon |   2231 |   2125 |    106 |   1370 |      0 |   1 | 2231.0 |
               +--------+--------+--------+--------+--------+-----+--------+

Top non-repeatable levels by time:
       D: 2231 daAuts
